 Dungeon Crawl Stone Soup version 0.20.1-1-g8b1a95d (webtiles) character file.

60 greenice the Slasher (level 3, -5/31 HPs)
             Began as a Minotaur Fighter on Nov 20, 2017.
             Slain by homeworkjunkie's ghost (14 damage)
             ... on level 3 of the Dungeon.
             The game lasted 00:04:08 (2176 turns).

greenice the Slasher (Minotaur Fighter)             Turns: 2176, Time: 00:04:09

Health: -5/31      AC:  6    Str: 20    XL:     3   Next: 80%
Magic:  2/2        EV:  7    Int:  5    God:
Gold:   104        SH:  9    Dex: 10    Spells: 2/2 levels left

rFire    . . .     SeeInvis .   a - +0 long sword
rCold    . . .     Gourm    .   c - +0 shield
rNeg     . . .     Faith    .   b - +0 scale mail
rPois    +         Spirit   .   (helmet restricted)
rElec    .         Reflect  .   j - scarf {repulsion}
rCorr    .         Harm     .   (no gloves)
MR       .....                  (no boots)
Stlth    ..........             (no amulet)
Regen    0.1/turn               n - ring of poison resistance
MPRegen  0.1/turn               (no ring)

@: repel missiles
A: retaliatory headbutt, horns 2
a: no special abilities


You were on level 3 of the Dungeon.
You were not hungry.

You visited 1 branch of the dungeon, and saw 3 of its levels.

You collected 104 gold pieces.

Inventory:

Hand Weapons
 a - a +0 long sword (weapon)
Armour
 b - a +0 scale mail (worn)
 c - a +0 shield (worn)
 j - a scarf of repulsion (worn)
Jewellery
 n - a ring of poison resistance (left hand)
Scrolls
 e - 2 scrolls of remove curse
 g - a scroll of random uselessness {unknown}
 i - a scroll of noise {unknown}
 k - a scroll of recharging {unknown}
 l - a scroll of blinking {unknown}
 m - 3 scrolls of identify {unknown}
 p - a scroll of teleportation {unknown}
Potions
 d - a potion of might
 h - a potion of curing {unknown}
 o - a potion of haste {unknown}
 r - a potion of mutation {unknown}
 t - 2 potions of degeneration {unknown}
Comestibles
 f - 4 bread rations
 q - a meat ration


   Skills:
 - Level 3.6 Fighting
 + Level 5.0 Long Blades
 - Level 3.6 Armour
 - Level 3.6 Shields


You had 2 spell levels left.
You didn't know any spells.

Dungeon Overview and Level Annotations

Branches:
Dungeon (3/15)

Altars:
Cheibriados
Dithmenos

Annotations:
D:3 homeworkjunkie's ghost, weakling HOFi


Innate Abilities, Weirdness & Mutations

You reflexively headbutt those who attack you in melee.
You have a pair of horns on your head.


Message History

You hit homeworkjunkie's ghost.
Homeworkjunkie's ghost is severely damaged.
You block the bat's attack. The bat completely misses you.
You block homeworkjunkie's ghost's attack.
You hit homeworkjunkie's ghost.
Homeworkjunkie's ghost is severely damaged.
The bat hits you but does no damage. The bat hits you.
Homeworkjunkie's ghost hits you.
* * * LOW HITPOINT WARNING * * *
You block the bat's attack.
You completely miss homeworkjunkie's ghost.
You headbutt homeworkjunkie's ghost.
Homeworkjunkie's ghost is severely damaged.
You block the bat's attack.
Homeworkjunkie's ghost hits you but does no damage. x2
Unknown command.
You hit homeworkjunkie's ghost.
Homeworkjunkie's ghost is almost destroyed.
You block the bat's attack. Homeworkjunkie's ghost hits you!
You die...

.. .# .# .##
..#.# ######..#.#
#.....#.#.#
#.#.###b#.#.#
#....@....#.###
........W.(....>#
###.#####.#...#.#
# ####†##
#.......#
#.......#
#.........
#......####
.......#


You could see homeworkjunkie's ghost and a bat.

Vanquished Creatures
  An adder (D:3)
  A worm (D:2)
  A dart slug (D:2)
  5 bats
  2 giant cockroaches
  6 goblins
  6 hobgoblins
  A jackal (D:2)
  8 kobolds
  2 quokkas (D:2)
  2 frilled lizards (D:1)
  7 rats
42 creatures vanquished.

Notes
Turn   | Place    | Note
-------+----------+-------------------------------------------
     0 | D:1      | greenice the Minotaur Fighter began the quest for the Orb.
     0 | D:1      | Reached XP level 1. HP: 19/19 MP: 0/0
   335 | D:1      | Reached skill level 3 in Long Blades
   399 | D:1      | Reached XP level 2. HP: 26/26 MP: 1/1
   773 | D:1      | Reached skill level 4 in Long Blades
  1295 | D:2      | Reached XP level 3. HP: 31/31 MP: 2/2
  1296 | D:2      | Found a snail-covered altar of Cheibriados.
  1523 | D:2      | Found a shadowy altar of Dithmenos.
  2048 | D:3      | Reached skill level 5 in Long Blades
  2051 | D:3      | Noticed homeworkjunkie's ghost (weakling HOFi)
  2176 | D:3      | Slain by homeworkjunkie's ghost

Skill      XL: |  1  2  3 |
---------------+----------+-----
Long Blades    | 3 4 5 |  5.0
Fighting       | |  3.6
Armour         | |  3.6
Shields        | |  3.6

Action                   || total
-------------------------++-------
Melee: Long sword        ||   114
       Headbutt          ||    18
  Use: Scroll            ||     1
  Eat: Chunk             ||     4
Armor: Scale mail        ||    44
Dodge: Dodged            ||    41
       Deflected         ||     1
Block: Shield            ||    57
       Rpst.: Long sword ||    11
